Map: Sequencer LE

Players

Lillekanin - Winner!

  • Race: Terran Terran
  • Spawn Location: 1:00

ReiGn

  • Race: Protoss Protoss
  • Spawn Location: 7:00

Event: WCS Jonkoping 2017

VOD

Have the link to the VOD?

Description

Time

  • Played on: June 17, 2017, 7:36 a.m.
  • Length: 17:16

All games in this series

Show
View Real Time Build Order
Export as new Build Order

Lillekanin Terran - Winner!

Build Orders: Cyclone Opening, Mech 

Get SALT Encoding   

  12  0:00  SCV  
  13  0:12  SCV  
  14  0:18  Supply Depot  
  14  0:24  SCV  
  15  0:30  Refinery  
  15  0:40  SCV  
  16  0:49  Barracks  
  16  0:52  SCV  
  17  0:59  Refinery  
  17  1:04  SCV  
  18  1:16  SCV  
  19  1:28  SCV  
  20  1:35  Reaper  
  21  1:41  Factory  
  21  1:42  Orbital Command  
  21  1:52  Supply Depot  
  21  2:07  Reaper  
  21  2:08  SCV  
  23  2:20  SCV  
  27  2:30  Cyclone  
  27  2:32  SCV  
  28  2:39  Reaper  
  28  2:42  Starport  
  29  2:44  SCV  
  30  2:52  Supply Depot  
  30  2:56  SCV  
  31  3:02  Liberator  
  31  3:13  Cyclone  
  37  3:32  Command Center  
  37  3:39  SCV  
  38  3:41  Supply Depot  
  38  3:51  SCV, Factory Reactor  
  38  3:55  Factory  
  39  4:03  SCV  
  39  4:05  Starport Tech Lab  
  40  4:11  Barracks  
  40  4:15  SCV  
  34  4:32  SCV  
  30  4:44  SCV  
  29  4:47  Orbital Command  
  29  4:52  Marine  
  30  4:56  SCV  
  30  4:57  Widow Mine x2  
  35  5:05  Viking  
  37  5:08  SCV, Factory Tech Lab  
  38  5:20  SCV, Orbital Command  
  38  5:32  SCV  
  39  5:41  Cyclone  
  42  5:44  SCV  
  42  5:45  Engineering Bay  
  44  5:50  SCV  
  44  5:56  SCV  
  46  6:02  SCV  
  45  6:08  SCV  
  45  6:13  Missile Turret  
  45  6:14  SCV  
  45  6:16  Missile Turret  
  46  6:19  Raven  
  46  6:21  SCV  
  46  6:26  SCV  
  47  6:33  SCV  
  47  6:36  Siege Tank  
  47  6:38  SCV  
  52  6:44  Supply Depot  
  52  6:45  SCV  
  53  6:48  Marine  
  53  6:51  SCV  
  53  6:57  SCV  
  53  7:00  Cyclone  
  56  7:03  SCV  
  56  7:06  Marine  
  57  7:09  SCV  
  57  7:15  SCV  
  59  7:18  Factory  
  59  7:21  SCV  
  60  7:27  Siege Tank, SCV  
  60  7:29  Supply Depot  
  64  7:30  Marine  
  64  7:33  SCV  
  64  7:36  Missile Turret  
  66  7:39  SCV  
  66  7:41  Refinery  
  67  7:45  SCV  
  68  7:51  SCV  
  68  7:52  Hellion x2  
  68  7:53  Viking  
  68  7:57  SCV  
  76  7:59  Supply Depot  
  76  8:03  SCV  
  76  8:04  Factory  
  77  8:06  Factory Tech Lab  
  77  8:09  SCV  
  78  8:12  Supply Depot  
  78  8:21  SCV  
  78  8:22  SCV  
  80  8:33  SCV  
  80  8:34  Siege Tank, Hellion x2, SCV  
  81  8:40  Armory  
  83  8:42  Refinery  
  83  8:45  SCV  
  83  8:46  SCV  
  83  8:54  Factory Reactor  
  83  8:55  Supply Depot  
  82  8:57  SCV  
  82  8:58  SCV  
  78  9:08  Cyclone  
  78  9:09  SCV  
  73  9:10  SCV  
  73  9:15  Siege Tank  
  69  9:21  SCV  
  69  9:22  SCV  
  69  9:23  Siege Tank  
  74  9:29  Missile Turret  
  74  9:31  Raven  
  74  9:34  SCV x2, Supply Depot  
  74  9:35  Hellion  
  80  9:40  Cyclone  
  83  9:52  Cyclone  
  81  9:58  Hellion  
  66  10:05  Cyclone  
  64  10:07  Hellion  
  52  10:30  Widow Mine  
  52  10:46  Raven  
  51  10:52  Cyclone  
  54  10:58  Cyclone  
  54  11:02  Cyclone  
  60  11:06  Cyclone  
  66  11:11  Cyclone  
  66  11:19  Cyclone  
  69  11:26  Hellion  
  69  11:31  Hellion  
  68  11:33  Supply Depot  
  63  11:41  Cyclone  
  63  11:42  SCV  
  63  11:45  SCV  
  68  11:54  SCV  
  68  11:57  SCV  
  68  12:03  Terran Vehicle Weapons Level 1  
  68  12:06  SCV  
  69  12:13  SCV  
  70  12:18  SCV  
  70  12:19  Cyclone  
  71  12:31  Siege Tank  
  71  12:36  Siege Tank  
  55  13:00  Orbital Command  
  55  13:03  Siege Tank  
  33  13:37  SCV x2  
  33  13:49  SCV x2  
  35  14:01  SCV x2  
  37  14:03  Raven  
  39  14:13  SCV x2  
  39  14:16  Cyclone  
  44  14:22  Cyclone  
  47  14:25  SCV  
  47  14:26  SCV  
  49  14:35  Refinery  
  49  14:37  SCV  
  49  14:38  SCV  
  51  14:43  Hellion  
  53  14:45  Refinery  
  53  14:48  Orbital Command  
  53  14:55  Hellion x2  
  57  15:01  SCV  
  58  15:16  SCV x2  
  58  15:17  Cyclone  
  63  15:28  Hellion, SCV  
  65  15:31  Missile Turret  
  65  15:32  Missile Turret  
  66  15:40  Cyclone  
  66  15:42  SCV  
  69  15:50  Refinery  
  67  15:57  Cyclone  
  67  16:03  SCV x2  
  70  16:13  Cyclone  
  71  16:22  Cyclone  
  71  16:24  SCV  
  72  16:34  Cyclone  
  66  16:49  SCV x2  
  71  17:01  SCV x2  
  71  17:12  Missile Turret  
Show
View Real Time Build Order
Export as new Build Order

ReiGn Protoss 

Build Orders: Oracle Opening 

Get SALT Encoding   

  12  0:01  Probe (Chrono Boost)  
  13  0:11  Probe (Chrono Boost)  
  14  0:18  Pylon  
  14  0:22  Probe (Chrono Boost)  
  15  0:36  Probe (Chrono Boost)  
  15  0:37  Gateway  
  16  0:44  Assimilator  
  16  0:47  Probe (Chrono Boost)  
  17  0:59  Probe (Chrono Boost)  
  18  1:09  Probe (Chrono Boost)  
  19  1:20  Probe (Chrono Boost)  
  20  1:27  Cybernetics Core  
  20  1:30  Probe (Chrono Boost)  
  20  1:31  Assimilator  
  21  1:41  Probe (Chrono Boost)  
  21  1:46  Pylon  
  22  1:51  Probe (Chrono Boost)  
  23  2:02  Pylon  
  23  2:05  Mothership Core (Chrono Boost)  
  25  2:10  Stalker  
  27  2:17  Gateway x2  
  27  2:19  Warp Gate (Chrono Boost)  
  26  2:30  Probe (Chrono Boost)  
  27  2:40  Pylon  
  27  2:49  Stargate  
  26  2:56  Stalker  
  28  3:08  Probe  
  29  3:16  Robotics Facility  
  29  3:38  Probe  
  30  3:42  Oracle (Chrono Boost)  
  33  3:53  Nexus  
  33  4:04  Observer  
  33  4:09  Probe  
  35  4:21  Probe  
  31  4:26  Oracle (Chrono Boost)  
  30  4:33  Probe  
  32  4:45  Probe  
  32  4:57  Probe  
  33  5:09  Probe  
  34  5:16  Probe  
  32  5:22  Probe  
  32  5:27  Probe  
  33  5:34  Probe  
  34  5:37  Probe  
  35  5:46  Probe  
  35  5:48  Probe  
  37  5:58  Probe x2  
  37  6:00  Twilight Council  
  37  6:09  Probe  
  37  6:10  Probe  
  35  6:19  Probe  
  35  6:22  Probe  
  37  6:30  Probe  
  35  6:34  Probe  
  36  6:40  Probe  
  36  6:42  Blink (Chrono Boost)  
  36  6:46  Probe  
  38  6:51  Probe  
  39  6:58  Probe  
  40  7:02  Probe  
  38  7:10  Probe  
  38  7:12  Probe, Warp Prism  
  42  7:17  Sentry x3  
  48  7:23  Probe x2  
  50  7:33  Probe  
  50  7:35  Probe  
  52  7:41  Gateway  
  52  7:43  Gateway  
  52  7:44  Probe  
  52  7:45  Gateway  
  52  7:46  Gateway  
  52  7:47  Probe  
  52  7:49  Gateway  
  54  7:54  Pylon  
  54  7:55  Pylon  
  54  7:56  Pylon  
  54  8:07  Pylon  
  54  8:10  Probe  
  55  8:15  Stalker x3  
  61  8:22  Immortal  
  57  8:42  Stalker  
  57  8:43  Stalker x5  
  57  8:48  Stalker  
  54  9:12  Stalker  
  54  9:13  Stalker x3  
  54  9:17  Probe  
  62  9:18  Probe  
  64  9:30  Probe, Adept  
  67  9:44  Stalker  
  62  10:00  Nexus  
  56  10:16  Probe  
  49  10:45  Probe  
  49  10:49  Pylon  
  50  10:50  Pylon, Stalker x2  
  50  10:52  Pylon  
  54  10:57  Assimilator  
  54  11:09  Stalker x2  
  58  11:13  Probe, Assimilator  
  58  11:14  Probe  
  60  11:25  Probe  
  61  11:41  Stalker  
  61  11:42  Stalker x4  
  71  11:47  Probe  
  64  12:08  Sentry x5  
  64  12:09  Sentry x2  
  78  12:16  Probe  
  67  12:41  Stalker x4  
  67  12:42  Stalker x2  
  72  13:19  Stalker x3  
  70  13:20  Stalker x2  
  50  13:34  Probe  
  50  13:36  Probe  
  52  13:52  Adept  
  52  13:53  Adept x3  
  60  14:02  Probe  
  51  14:29  Nexus  
  51  14:33  Dark Shrine  
  51  14:48  Probe  
  52  14:56  Adept x2  
  56  15:02  Probe  
  56  15:03  Probe  
  54  15:22  Probe  
  49  15:30  Observer, Adept  
  49  15:31  Stalker x2  
  49  15:32  Stalker  
  58  15:40  Probe  
  58  15:41  Probe  
  54  16:02  Dark Templar x3  
  57  16:08  Probe x2  
  57  16:09  Probe  
  60  16:19  Probe  
  60  16:21  Probe  
  58  16:31  Probe  
  48  16:48  Probe  
  48  16:52  Stalker x5  
Tags
 
Add a new tag
Caveats
  • Supply blocks, unpowered buildings, or Contaminate may cause inaccurate times.
  • Supply counts are checked every 10 seconds.